AoeStats
← TM Caesar

Golden Pit

507151765Analyzed
1v1 RM · 17d ago on Sep 16, 2026· 31m 42s· 2 players
Game mode
Random Map
Map size
Tiny (2 player)
Population
200
Speed
Normal
Resources
Standard
Victory
Conquest
Starting age
Dark Age
Ending age
Imperial Age
RankedLock teamsTeams togetherTeam positionsShared explorationLock speedFull tech treeHidden civsTurbo modeCheats
Victory
Defeat
🇧🇷 Byzantines · Brazil
1822
+12
🇦🇷 Britons · Argentina
1722
-12
TM Caesar
6:34 Loom
7:14 Loom
9:44 Feudal Age
11:59 Double-Bit Axe
22:28 Castle Age
20:18 Horse Collar
20:37 Fletching
22:04 Gold Mining
23:08 Bodkin Arrow
28:49 Wheelbarrow
30:46 Scale Barding Armor
Voxer El Brazilian
6:23 Loom
8:54 Feudal Age
9:00 Man-at-Arms
13:38 Double-Bit Axe
20:43 Castle Age
18:36 Horse Collar
18:47 Gold Mining
18:55 Fletching
20:04 Padded Archer Armor
20:55 Scale Mail Armor
21:02 Long Swordsman
22:00 Bodkin Arrow
22:36 Gambesons
22:52 Squires
23:12 Arson
23:25 Elite Skirmisher
25:32 Leather Archer Armor
27:26 Ballistics
31:28 Imperial Age
32:18 Bracer
33:21 Chemistry
Connection lost

Rejoining the realm…

Still unreachable

The connection could not be restored.

Session expired

The server has moved on; the page needs a fresh start.